[Event "ICC tourney 2260 (3 2)"]
[Site "Internet Chess Club"]
[Date "2020.12.31"]
[Round "1"]
[White "el008"]
[Black "Supersamraat"]
[Result "1-0"]
[ICCResult "Black checkmated"]
[WhiteElo "1944"]
[BlackElo "1548"]
[Opening "French: advance, Paulsen attack"]
[ECO "C02"]
[NIC "FR.03"]
[Time "12:02:53"]
[PlyCount "33"]
[TimeControl "180+2"]

1. e4 e6 2. d4 d5 3. e5 c5 4. c3 Nc6 5. Nf3 Qb6 6. a3 Nge7 7. b4 cxd4 8.
cxd4 Nf5 9. Be3 Nxe3 10. fxe3 a6 11. Bd3 Bd7 12. O-O Na7 13. Ng5 Be7 14.
Nxf7 O-O 15. Bxh7+ Kxh7 16. Qh5+ Kg8 17. Qh8# { Black checkmated } 1-0

[Event "ICC tourney 2260 (3 2)"]
[Site "Internet Chess Club"]
[Date "2020.12.31"]
[Round "1"]
[White "Braveninja"]
[Black "karuto2006"]
[Result "0-1"]
[ICCResult "White checkmated"]
[WhiteElo "384"]
[BlackElo "1699"]
[Opening "Three knights game"]
[ECO "C46"]
[NIC "KP.06"]
[Time "12:02:48"]
[PlyCount "64"]
[TimeControl "180+2"]

1. e4 e5 2. Nf3 Nc6 3. Nc3 Bb4 4. Bc4 Nf6 5. d3 O-O 6. Bg5 h6 7. Bxf6 Qxf6
8. O-O Bxc3 9. bxc3 d6 10. a4 Bg4 11. Qe1 Bxf3 12. Qe3 Bh5 13. Qe2 Bxe2 14.
d4 exd4 15. cxd4 Nxd4 16. Bxe2 Nxe2+ 17. Kh1 Rae8 18. f3 a5 19. Rab1 Re5
20. Rxb7 Rh5 21. h3 Ng3+ 22. Kg1 Nxf1 23. Kxf1 Qa1+ 24. Ke2 d5 25. Rxc7
dxe4 26. fxe4 Re5 27. g4 Rxe4+ 28. Kf3 Rfe8 29. g5 Qf1+ 30. Kg3 Re3+ 31.
Kg4 h5+ 32. Kxh5 Qxh3# { White checkmated } 0-1

[Event "ICC tourney 2260 (3 2)"]
[Site "Internet Chess Club"]
[Date "2020.12.31"]
[Round "1"]
[White "DrKnight01"]
[Black "funpawn"]
[Result "0-1"]
[ICCResult "White resigns"]
[WhiteElo "1216"]
[BlackElo "1765"]
[Opening "Giuoco Piano"]
[ECO "C54"]
[NIC "IG.02"]
[Time "12:02:53"]
[PlyCount "46"]
[TimeControl "180+2"]

1. e4 e5 2. Nf3 Nc6 3. Bc4 Bc5 4. c3 Nf6 5. d4 exd4 6. cxd4 Bb4+ 7. Bd2
Bxd2+ 8. Qxd2 d5 9. Bb5 Nxe4 10. Bxc6+ bxc6 11. Qe2 O-O 12. Ne5 Qd6 13. O-O
f6 14. Nf3 Bg4 15. h3 Bh5 16. Qe3 Rfe8 17. Qd3 c5 18. dxc5 Nxc5 19. Qc3 Ne4
20. Qd3 c5 21. Nbd2 Nxd2 22. Nxd2 Be2 23. Rfe1 Bxd3 { White resigns } 0-1

[Event "ICC tourney 2260 (3 2)"]
[Site "Internet Chess Club"]
[Date "2020.12.31"]
[Round "1"]
[White "atippa"]
[Black "auggie29"]
[Result "1-0"]
[ICCResult "Black checkmated"]
[WhiteElo "1732"]
[BlackElo "1095"]
[Opening "Réti opening"]
[ECO "A11"]
[NIC "QP.09"]
[Time "12:03:01"]
[PlyCount "83"]
[TimeControl "180+2"]

1. Nf3 d5 2. c4 c6 3. e3 Nf6 4. Nc3 Bg4 5. Be2 e6 6. cxd5 cxd5 7. O-O Nc6
8. h3 Bf5 9. d4 Bb4 10. a3 Bd6 11. Bd3 Bg6 12. Re1 O-O 13. b4 a6 14. Bb2 e5
15. dxe5 Nxe5 16. Bxg6 hxg6 17. Nxd5 Nxd5 18. Qxd5 Nxf3+ 19. Qxf3 Qe7 20.
Rac1 Rfc8 21. Red1 Rxc1 22. Rxc1 Rd8 23. Bd4 Qe6 24. Qe2 Qb3 25. Qb2 Qxb2
26. Bxb2 Rc8 27. Rxc8+ Kh7 28. Rd8 Bc7 29. Rd7 Bb6 30. Rxb7 Bd8 31. Rxf7
Bf6 32. Bxf6 Kh6 33. Bxg7+ Kh5 34. Rf6 g5 35. Rxa6 g4 36. Rh6+ Kg5 37. hxg4
Kxg4 38. b5 Kg5 39. b6 Kg4 40. b7 Kg5 41. b8=Q Kg4 42. Qf4# { Black
checkmated } 1-0

[Event "ICC tourney 2260 (3 2)"]
[Site "Internet Chess Club"]
[Date "2020.12.31"]
[Round "1"]
[White "DualMoneytime"]
[Black "chessmonkey05"]
[Result "1-0"]
[ICCResult "Black resigns"]
[WhiteElo "1960"]
[BlackElo "1617"]
[Opening "Giuoco Piano"]
[ECO "C44"]
[NIC "SO.06"]
[Time "12:02:50"]
[PlyCount "39"]
[TimeControl "180+2"]

1. e4 e5 2. Nf3 Nc6 3. d4 exd4 4. Bc4 Bc5 5. c3 Nf6 6. cxd4 Bb4+ 7. Bd2
Nxe4 8. Bxb4 Nxb4 9. Bxf7+ Kxf7 10. Qb3+ d5 11. Qxb4 Rf8 12. O-O Kg8 13.
Nc3 c5 14. dxc5 Rxf3 15. Nxe4 Rf4 16. Rad1 Bf5 17. Nf6+ Qxf6 18. Qxf4 Rd8
19. Rfe1 g6 20. g4 { Black resigns } 1-0

[Event "ICC tourney 2260 (3 2)"]
[Site "Internet Chess Club"]
[Date "2020.12.31"]
[Round "1"]
[White "Mozart1"]
[Black "michaelxiao"]
[Result "1-0"]
[ICCResult "Black resigns"]
[WhiteElo "1836"]
[BlackElo "1318"]
[Opening "French: Rubinstein variation"]
[ECO "C10"]
[NIC "FR.07"]
[Time "12:02:52"]
[PlyCount "91"]
[TimeControl "180+2"]

1. e4 e6 2. d4 d5 3. Nc3 dxe4 4. Nxe4 Be7 5. Nf3 Nf6 6. Bd3 Nxe4 7. Bxe4
Nc6 8. c3 Bd7 9. O-O Bd6 10. Re1 h6 11. d5 Ne7 12. c4 exd5 13. cxd5 O-O 14.
Bc2 Bf5 15. Bxf5 Nxf5 16. Qd3 Nh4 17. Bd2 Nxf3+ 18. Qxf3 c6 19. Bc3 cxd5
20. Rad1 Re8 21. Rxe8+ Qxe8 22. Qxd5 Rd8 23. Qf3 Qa4 24. g3 Qc6 25. Qxc6
bxc6 26. Ba5 Rd7 27. Bb4 Kf8 28. Rxd6 Rxd6 29. Bxd6+ Ke8 30. Be5 g6 31. Bd4
a6 32. Kf1 Kd7 33. Ke2 Kd6 34. Kd3 Kd5 35. Bc3 c5 36. f4 f5 37. h3 h5 38.
a4 c4+ 39. Ke3 Kc5 40. Kf3 Kd5 41. g4 fxg4+ 42. hxg4 hxg4+ 43. Kxg4 Ke4 44.
Kg5 Kf3 45. Be5 Ke4 46. Kxg6 { Black resigns } 1-0

[Event "ICC tourney 2260 (3 2)"]
[Site "Internet Chess Club"]
[Date "2020.12.31"]
[Round "1"]
[White "BillyC"]
[Black "yogokings12"]
[Result "1-0"]
[ICCResult "Black resigns"]
[WhiteElo "1948"]
[BlackElo "1575"]
[Opening "Sicilian: Grand Prix attack"]
[ECO "B23"]
[NIC "SI.44"]
[Time "12:02:59"]
[PlyCount "63"]
[TimeControl "180+2"]

1. e4 c5 2. Nc3 Nc6 3. f4 g6 4. Nf3 Bg7 5. g3 e6 6. Bg2 Nge7 7. d3 O-O 8.
O-O a6 9. Ne2 b5 10. c3 d5 11. e5 Bb7 12. d4 cxd4 13. Nexd4 Nxd4 14. Nxd4
Nc6 15. Be3 Nxd4 16. Bxd4 Rc8 17. Qg4 Re8 18. h4 h5 19. Qh3 Bf8 20. b4 a5
21. a3 Ra8 22. g4 hxg4 23. Qxg4 axb4 24. axb4 Bg7 25. h5 gxh5 26. Qxh5 Qe7
27. f5 exf5 28. Rxa8 Rxa8 29. Rxf5 Ra1+ 30. Kh2 Bc8 31. Rg5 Be6 32. Qh6 {
Black resigns } 1-0

[Event "ICC tourney 2260 (3 2)"]
[Site "Internet Chess Club"]
[Date "2020.12.31"]
[Round "1"]
[White "aberdeenace"]
[Black "Chessnutt2014"]
[Result "0-1"]
[ICCResult "White checkmated"]
[WhiteElo "1546"]
[BlackElo "1941"]
[Opening "Sicilian: Grand Prix attack"]
[ECO "B21"]
[NIC "SI.48"]
[Time "12:02:43"]
[PlyCount "58"]
[TimeControl "180+2"]

1. e4 c5 2. f4 d5 3. e5 Nc6 4. Nf3 Bg4 5. Bb5 e6 6. O-O Qb6 7. Bxc6+ bxc6
8. Kh1 Nh6 9. h3 Bxf3 10. Qxf3 Nf5 11. c3 h5 12. g4 hxg4 13. Qxg4 Rh4 14.
Qf3 Be7 15. Na3 Kd7 16. Nc2 Rah8 17. Kh2 d4 18. a3 c4 19. Rb1 Qb3 20. Nxd4
Nxd4 21. cxd4 Rxh3+ 22. Kg2 Rxf3 23. Rxf3 Qc2 24. Ra1 Qg6+ 25. Rg3 Qe4+ 26.
Rf3 Qe2+ 27. Kg3 Bh4+ 28. Kg4 Qg2+ 29. Rg3 Qxg3# { White checkmated } 0-1

[Event "ICC tourney 2260 (3 2)"]
[Site "Internet Chess Club"]
[Date "2020.12.31"]
[Round "1"]
[White "baldwinsthename"]
[Black "local0928"]
[Result "0-1"]
[ICCResult "White checkmated"]
[WhiteElo "1228"]
[BlackElo "1785"]
[Opening "Benoni defense"]
[ECO "A60"]
[NIC "BI.38"]
[Time "12:02:53"]
[PlyCount "54"]
[TimeControl "180+2"]

1. d4 Nf6 2. c4 c5 3. d5 e6 4. d6 Qb6 5. Nc3 Bxd6 6. Nf3 O-O 7. h4 Be7 8.
Ng5 Nc6 9. e4 Nd4 10. Bd3 e5 11. Nd5 Nxd5 12. exd5 g6 13. h5 Bxg5 14. Bxg5
Re8 15. hxg6 fxg6 16. Qg4 e4 17. Qh4 h5 18. O-O-O exd3 19. Rxd3 Re2 20. Rd2
Rxd2 21. Bxd2 d6 22. Qg5 Bf5 23. Rxh5 Qa6 24. Rh4 Qxa2 25. Bc3 Qb1+ 26. Kd2
Re8 27. Bxd4 Qc2# { White checkmated } 0-1

[Event "ICC tourney 2260 (3 2)"]
[Site "Internet Chess Club"]
[Date "2020.12.31"]
[Round "1"]
[White "hackerguru"]
[Black "martinjames28"]
[Result "1-0"]
[ICCResult "Black forfeits on time"]
[WhiteElo "1756"]
[BlackElo "1196"]
[Opening "Réti: advance variation"]
[ECO "A09"]
[NIC "RE.17"]
[Time "12:02:41"]
[PlyCount "37"]
[TimeControl "180+2"]

1. Nf3 d5 2. c4 d4 3. b4 Nf6 4. Bb2 d3 5. exd3 Bf5 6. Nd4 Bg6 7. Be2 e6 8.
a3 Be7 9. O-O Nbd7 10. Nf3 c6 11. d4 Qc7 12. Nc3 h5 13. Nh4 O-O-O 14. Nxg6
fxg6 15. h3 g5 16. f4 gxf4 17. Bf3 g5 18. Ne4 Nxe4 19. Bxe4 { Black
forfeits on time } 1-0

[Event "ICC tourney 2260 (3 2)"]
[Site "Internet Chess Club"]
[Date "2020.12.31"]
[Round "1"]
[White "ZAPPAWITS"]
[Black "tavit2"]
[Result "1-0"]
[ICCResult "Black checkmated"]
[WhiteElo "1713"]
[BlackElo "629"]
[Opening "Queen's pawn game, Chigorin variation"]
[ECO "A04"]
[NIC "QP.11"]
[Time "12:02:51"]
[PlyCount "87"]
[TimeControl "180+2"]

1. Nf3 Nc6 2. d4 d5 3. Bf4 Bf5 4. e3 Nb4 5. Na3 Nf6 6. c3 Nc6 7. Bd3 e6 8.
Bxf5 exf5 9. Qb3 Qd7 10. O-O Bxa3 11. Qxa3 Ne7 12. Rac1 O-O 13. c4 Rac8 14.
Ne5 Qd6 15. c5 Qd8 16. Qb3 Nc6 17. Nxc6 bxc6 18. Bg5 h6 19. Bxf6 Qxf6 20.
Qa4 Qg6 21. Rc3 Rfe8 22. Qxa7 Re4 23. Rb3 Kh7 24. Rb8 Rxb8 25. Qxb8 Rg4 26.
g3 h5 27. Qxc7 h4 28. Qe5 f6 29. Qd6 hxg3 30. fxg3 Re4 31. Rf3 Qg4 32. Kf2
Qh3 33. Ke2 Qxh2+ 34. Rf2 Qh5+ 35. Kd2 Qh6 36. Re2 Kg8 37. Qxc6 Qh3 38.
Qxd5+ Kh7 39. c6 Qxg3 40. Qxf5+ Qg6 41. Rh2+ Kg8 42. Qxg6 Re6 43. c7 Rc6
44. Qe8# { Black checkmated } 1-0

[Event "ICC tourney 2260 (3 2)"]
[Site "Internet Chess Club"]
[Date "2020.12.31"]
[Round "1"]
[White "crazyhorse9"]
[Black "ekanshmehrotra"]
[Result "0-1"]
[ICCResult "White forfeits on time"]
[WhiteElo "1462"]
[BlackElo "1843"]
[Opening "Evans gambit"]
[ECO "C52"]
[NIC "IG.05"]
[Time "12:02:52"]
[PlyCount "26"]
[TimeControl "180+2"]

1. e4 e5 2. Nf3 Nc6 3. Bc4 Bc5 4. b4 Bxb4 5. c3 Ba5 6. d4 d6 7. O-O Nf6 8.
Ba3 Nxe4 9. dxe5 Nxc3 10. Nxc3 Bxc3 11. exd6 Bxa1 12. Re1+ Be5 13. Nxe5 O-O
{ White forfeits on time } 0-1

[Event "ICC tourney 2260 (3 2)"]
[Site "Internet Chess Club"]
[Date "2020.12.31"]
[Round "1"]
[White "kurohaze"]
[Black "PearsonH"]
[Result "1/2-1/2"]
[ICCResult "Game drawn by mutual agreement"]
[WhiteElo "1168"]
[BlackElo "1756"]
[Opening "Queen's pawn game"]
[ECO "D05"]
[NIC "QO.17"]
[Time "12:02:59"]
[PlyCount "93"]
[TimeControl "180+2"]

1. d4 e6 2. Nf3 d5 3. e3 Nf6 4. a3 Bd6 5. Be2 c5 6. dxc5 Bxc5 7. O-O Nc6 8.
b4 Bd6 9. Bb2 O-O 10. c4 dxc4 11. Bxc4 Be7 12. Qxd8 Rxd8 13. Nbd2 a6 14.
Nb3 b5 15. Be2 Bb7 16. Rfd1 Rxd1+ 17. Rxd1 Rd8 18. Rxd8+ Nxd8 19. Ne5 Nc6
20. Nxc6 Bxc6 21. Nd4 Bb7 22. Bf3 Bxf3 23. Nxf3 Nd5 24. Kf1 Kf8 25. Ke2 Nb6
26. Nd2 Ke8 27. Kd3 Kd7 28. Bxg7 Bd6 29. g3 h5 30. e4 h4 31. e5 Be7 32. f4
hxg3 33. hxg3 Nd5 34. Nb3 Nb6 35. Kd4 Nc4 36. Nc5+ Bxc5+ 37. Kxc5 Kc7 38.
g4 Nxa3 39. f5 exf5 40. gxf5 Nc4 41. e6 fxe6 42. fxe6 Nd6 43. Bf8 Ne8 44.
e7 Nf6 45. Bg7 Ne8 46. Be5+ Kd7 47. Kb6 { Game drawn by mutual agreement }
1/2-1/2

[Event "ICC tourney 2260 (3 2)"]
[Site "Internet Chess Club"]
[Date "2020.12.31"]
[Round "1"]
[White "ChiefDas"]
[Black "stephenwilly"]
[Result "0-1"]
[ICCResult "White checkmated"]
[WhiteElo "1857"]
[BlackElo "1496"]
[Opening "Ruy Lopez: Berlin defense, Beverwijk variation"]
[ECO "C65"]
[NIC "RL.07"]
[Time "12:03:00"]
[PlyCount "48"]
[TimeControl "180+2"]

1. e4 e5 2. Nf3 Nc6 3. Bb5 Nf6 4. O-O Bc5 5. c3 a6 6. Ba4 b5 7. Bc2 d5 8.
exd5 Qxd5 9. h3 O-O 10. d4 exd4 11. Qd3 Bb7 12. Bb3 Qd6 13. Bg5 Ne5 14.
Nxe5 Qxe5 15. Bxf6 Qxf6 16. Nd2 Qg5 17. Ne4 Qg6 18. Bc2 f5 19. Ng3 dxc3 20.
Qxc3 Bb6 21. Bb3+ Kh8 22. Rae1 f4 23. Re6 Qxg3 24. Rxb6 Qxg2# { White
checkmated } 0-1

[Event "ICC tourney 2260 (3 2)"]
[Site "Internet Chess Club"]
[Date "2020.12.31"]
[Round "1"]
[White "A4-H5"]
[Black "sujashankar"]
[Result "1-0"]
[ICCResult "Black checkmated"]
[WhiteElo "1999"]
[BlackElo "1691"]
[Opening "Amar (Paris) opening"]
[ECO "A00"]
[NIC "VO.16"]
[Time "12:03:00"]
[PlyCount "83"]
[TimeControl "180+2"]

1. Nh3 Nf6 2. d4 e6 3. a3 d5 4. Nc3 c5 5. Bf4 cxd4 6. Qxd4 Nc6 7. Qd1 Bd6
8. Bg5 Be7 9. e3 O-O 10. Bd3 h6 11. Bh4 d4 12. exd4 Qxd4 13. Bg3 e5 14. O-O
Be6 15. Nb5 Qd7 16. Qe2 Bxh3 17. gxh3 Qxh3 18. Rfe1 a6 19. Nc3 Nd4 20. Qe3
Ng4 21. Qe4 f5 22. Qg2 Qh5 23. Nd5 Bh4 24. Bc4 Kh8 25. c3 Bxg3 26. hxg3 Nc2
27. Be2 Nxa1 28. Rxa1 Qf7 29. c4 Rad8 30. Re1 b5 31. b3 Nf6 32. Nxf6 Qxf6
33. cxb5 axb5 34. Bxb5 Qb6 35. Bc4 Qa5 36. Re2 Qxa3 37. Kh2 Qd6 38. Qf3 f4
39. g4 Rde8 40. Bd3 Qe6 41. Qe4 Qxg4 42. Qh7# { Black checkmated } 1-0

[Event "ICC tourney 2260 (3 2)"]
[Site "Internet Chess Club"]
[Date "2020.12.31"]
[Round "1"]
[White "VincentT2008"]
[Black "caracleliem2"]
[Result "1-0"]
[ICCResult "Black checkmated"]
[WhiteElo "1743"]
[BlackElo "1152"]
[Opening "QGD Slav defense"]
[ECO "D13"]
[NIC "SL.01"]
[Time "12:02:59"]
[PlyCount "81"]
[TimeControl "180+2"]

1. d4 d5 2. c4 c6 3. Nc3 Nf6 4. cxd5 cxd5 5. Nf3 e6 6. Bf4 Nc6 7. e3 Bd6 8.
Bxd6 Qxd6 9. Be2 O-O 10. O-O a6 11. Rc1 b5 12. a3 Bb7 13. Nd2 Rac8 14. b4
a5 15. Nxb5 Qd7 16. Qb3 axb4 17. axb4 Ne7 18. Rc5 Rxc5 19. bxc5 Nc6 20. Nd6
Rb8 21. Qa4 Ne7 22. Qxd7 Nxd7 23. Rb1 Ra8 24. Rxb7 Nf8 25. Rxe7 Ra2 26. Re8
Rxd2 27. Kf1 g6 28. Ke1 Ra2 29. c6 Ra6 30. c7 Ra1+ 31. Kd2 Ra2+ 32. Kc1
Rxe2 33. c8=Q Re1+ 34. Kd2 Rf1 35. Rxf8+ Kg7 36. Rxf7+ Kh6 37. Qf8+ Kg5 38.
f4+ Kh5 39. Rxh7+ Kg4 40. Qh6 g5 41. Qxg5# { Black checkmated } 1-0

[Event "ICC tourney 2260 (3 2)"]
[Site "Internet Chess Club"]
[Date "2020.12.31"]
[Round "1"]
[White "VirginiaGuy"]
[Black "MIEMBR"]
[Result "1-0"]
[ICCResult "Black forfeits on time"]
[WhiteElo "1371"]
[BlackElo "1842"]
[Opening "Queen's pawn game"]
[ECO "D04"]
[NIC "QP.06"]
[Time "12:02:54"]
[PlyCount "73"]
[TimeControl "180+2"]

1. d4 Nf6 2. Nf3 d5 3. e3 c5 4. b3 Nc6 5. Bb2 e6 6. Nbd2 Be7 7. a3 O-O 8.
Bd3 b6 9. O-O Bb7 10. Ne5 Qc7 11. f4 Nd7 12. Rf3 f5 13. Rh3 Nf6 14. Ndf3 a5
15. Ng5 h6 16. Nxe6 Qd6 17. Nxf8 Rxf8 18. Ng6 Rf7 19. Nxe7+ Nxe7 20. Rg3
Ne4 21. Bxe4 fxe4 22. Qh5 Nf5 23. Rg6 Qe7 24. Re1 Bc6 25. Rxc6 cxd4 26.
Bxd4 Nxd4 27. exd4 Rxf4 28. Rc8+ Kh7 29. Qxd5 e3 30. Qe5 Qf7 31. Qxe3 Qf5
32. h3 Rh4 33. Qd3 Rf4 34. Qxf5+ Rxf5 35. Rce8 Rd5 36. c3 b5 37. R8e5 {
Black forfeits on time } 1-0

[Event "ICC tourney 2260 (3 2)"]
[Site "Internet Chess Club"]
[Date "2020.12.31"]
[Round "1"]
[White "StevChess01"]
[Black "xyzchessdude"]
[Result "0-1"]
[ICCResult "White forfeits on time"]
[WhiteElo "1684"]
[BlackElo "1992"]
[Opening "Benkö gambit half accepted"]
[ECO "A57"]
[NIC "BI.45"]
[Time "12:02:43"]
[PlyCount "64"]
[TimeControl "180+2"]

1. d4 c5 2. d5 Nf6 3. c4 b5 4. cxb5 a6 5. f3 g6 6. e4 Bg7 7. e5 Ng8 8. f4
Nh6 9. Nc3 O-O 10. Nf3 d6 11. Bc4 Bg4 12. O-O Nf5 13. bxa6 Nxa6 14. Qe2 Nd4
15. Qd3 Nb4 16. Qd1 dxe5 17. fxe5 Bxe5 18. Kh1 Bxf3 19. gxf3 Qb8 20. f4 Bd6
21. Qg4 Nf5 22. Ne4 Nc2 23. Nxd6 Nxd6 24. Bd3 Nxa1 25. Be3 Rxa2 26. Bxc5
Qc8 27. Bd4 Qxg4 28. Rg1 Qf3+ 29. Rg2 Qxd3 30. Bc3 Qf1+ 31. Rg1 Qf3+ 32.
Rg2 Nf5 { White forfeits on time } 0-1

[Event "ICC tourney 2260 (3 2)"]
[Site "Internet Chess Club"]
[Date "2020.12.31"]
[Round "1"]
[White "garfield92037"]
[Black "hi321"]
[Result "1-0"]
[ICCResult "Black checkmated"]
[WhiteElo "1843"]
[BlackElo "1433"]
[Opening "Four knights: Spanish, classical defense"]
[ECO "C48"]
[NIC "KP.03"]
[Time "12:02:39"]
[PlyCount "87"]
[TimeControl "180+2"]

1. e4 e5 2. Nf3 Nc6 3. Nc3 Nf6 4. Bb5 Bc5 5. O-O d6 6. d4 exd4 7. Nxd4 Bd7
8. Be3 Bb6 9. f3 h6 10. Qd2 a6 11. Bc4 Ne5 12. Bb3 a5 13. a3 a4 14. Ba2 O-O
15. Kh1 c5 16. Nde2 Bc6 17. Rad1 Bc7 18. Nf4 Qe7 19. Bd5 Nxd5 20. Nfxd5
Bxd5 21. Nxd5 Qd7 22. Qe2 Rfd8 23. Rd2 Qc6 24. Ne7+ Kf8 25. Nxc6 bxc6 26.
Rfd1 Rab8 27. c3 Rb5 28. f4 Ng6 29. e5 d5 30. Rxd5 cxd5 31. Qxb5 Ne7 32.
Bxc5 Re8 33. Rxd5 Bd8 34. Qd7 Ba5 35. Qa7 Bd8 36. Rxd8 Rxd8 37. Qxe7+ Kg8
38. Qxd8+ Kh7 39. Bf8 Kg6 40. Qh4 Kh7 41. Qg4 g6 42. Qh4 h5 43. Qf6 Kg8 44.
Qg7# { Black checkmated } 1-0

[Event "ICC tourney 2260 (3 2)"]
[Site "Internet Chess Club"]
[Date "2020.12.31"]
[Round "1"]
[White "ranu540"]
[Black "VeronicaG"]
[Result "0-1"]
[ICCResult "White forfeits on time"]
[WhiteElo "1296"]
[BlackElo "1828"]
[Opening "Caro-Kann: exchange variation"]
[ECO "B13"]
[NIC "CK.02"]
[Time "12:02:41"]
[PlyCount "58"]
[TimeControl "180+2"]

1. e4 c6 2. d4 d5 3. exd5 cxd5 4. Nc3 Nf6 5. Nf3 Bf5 6. Bd3 Bxd3 7. Qxd3
Nc6 8. O-O e6 9. Bg5 Be7 10. a3 O-O 11. Rad1 h6 12. Bh4 a6 13. Rfe1 Na5 14.
Ne5 b5 15. h3 Rc8 16. Bg3 Nd7 17. Nf3 Nc4 18. Rb1 Re8 19. Ne5 Ndxe5 20.
Bxe5 Nxe5 21. Rxe5 Qc7 22. Re3 Bf6 23. Rg3 Kh8 24. Rd1 Qc4 25. Qxc4 Rxc4
26. Rgd3 Rec8 27. Kf1 b4 28. Na4 R8c6 29. R1d2 bxa3 { White forfeits on
time } 0-1

[Event "ICC tourney 2260 (3 2)"]
[Site "Internet Chess Club"]
[Date "2020.12.31"]
[Round "1"]
[White "Aahilvalliani"]
[Black "ved2006"]
[Result "0-1"]
[ICCResult "White checkmated"]
[WhiteElo "813"]
[BlackElo "1719"]
[Opening "QGD semi-Slav: Chigorin defense"]
[ECO "D45"]
[NIC "SL.08"]
[Time "12:02:40"]
[PlyCount "110"]
[TimeControl "180+2"]

1. d4 d5 2. c4 c6 3. Nc3 Nf6 4. Nf3 e6 5. e3 Bd6 6. Bd3 Nbd7 7. c5 Bc7 8.
O-O a5 9. Bd2 b6 10. cxb6 Bxb6 11. Ne2 c5 12. Bc3 O-O 13. Qc2 Ba6 14. Rad1
Bxd3 15. Qxd3 h6 16. Qc2 Rc8 17. Qd2 Ne4 18. Qd3 Nxc3 19. bxc3 Qf6 20. h3
Rc6 21. Rd2 Rfc8 22. Rc1 cxd4 23. Nfxd4 Nc5 24. Qb1 Ne4 25. Rdc2 Bxd4 26.
Nxd4 Rxc3 27. Rxc3 Qxf2+ 28. Kh2 Rxc3 29. Rxc3 Nxc3 30. Qc1 Ne2 31. Qc8+
Kh7 32. Qc7 Nxd4 33. exd4 Qxd4 34. Qxf7 Qe5+ 35. Kh1 Qa1+ 36. Kh2 Qxa2 37.
Qxe6 Qd2 38. Qf5+ Kg8 39. Qc8+ Kf7 40. Qc7+ Kg6 41. Qb6+ Kh7 42. Qe6 Qf4+
43. Kh1 d4 44. Qe2 Qe3 45. Qc2+ d3 46. Qd1 Qe2 47. Qb1 Qc2 48. Qb5 d2 49.
Qe2 d1=Q+ 50. Qxd1 Qxd1+ 51. Kh2 a4 52. Kg3 a3 53. Kh2 a2 54. g3 a1=Q 55.
h4 Qh1# { White checkmated } 0-1

[Event "ICC tourney 2260 (3 2)"]
[Site "Internet Chess Club"]
[Date "2020.12.31"]
[Round "1"]
[White "SuperBlueSky"]
[Black "saisiva765"]
[Result "0-1"]
[ICCResult "White checkmated"]
[WhiteElo "1597"]
[BlackElo "1950"]
[Opening "QGD: Cambridge Springs defense, Bogolyubov variation"]
[ECO "D52"]
[NIC "QO.16"]
[Time "12:02:41"]
[PlyCount "118"]
[TimeControl "180+2"]

1. d4 d5 2. c4 e6 3. Nc3 Nf6 4. Nf3 Nbd7 5. Bg5 c6 6. e3 Bb4 7. Nd2 Qa5 8.
Qc2 h6 9. Bxf6 Nxf6 10. Be2 O-O 11. O-O c5 12. dxc5 Qxc5 13. Rfd1 Bd7 14.
Rac1 Rac8 15. a3 Bxc3 16. Qxc3 Qb6 17. Qb3 Qxb3 18. Nxb3 Ba4 19. Rd3 dxc4
20. Rdc3 Bxb3 21. Bxc4 Bxc4 22. Rxc4 Rxc4 23. Rxc4 Rd8 24. h3 Rd1+ 25. Kh2
Rd2 26. b4 Ra2 27. Rc3 Rxf2 28. Rc8+ Kh7 29. Rc7 Ra2 30. Rxf7 Rxa3 31. Rxb7
Nd5 32. b5 Ra2 33. e4 Nf4 34. Kg3 e5 35. Re7 Rxg2+ 36. Kf3 Ra2 37. Rxe5
Nxh3 38. Re7 Kg6 39. Re8 Ng5+ 40. Ke3 h5 41. Ra8 Ra5 42. Rb8 Ra4 43. e5
Re4+ 44. Kd3 Rxe5 45. Rb7 h4 46. Rb8 h3 47. Kc4 h2 48. Rh8 Re2 49. Rh4 Re4+
50. Kc5 Rxh4 51. b6 axb6+ 52. Kc6 h1=Q+ 53. Kb5 Qd5+ 54. Ka6 Qa8+ 55. Kb5
Qa5+ 56. Kc6 Rc4+ 57. Kb7 b5 58. Kb8 Qb6+ 59. Ka8 Ra4# { White checkmated }
0-1

[Event "ICC tourney 2260 (3 2)"]
[Site "Internet Chess Club"]
[Date "2020.12.31"]
[Round "1"]
[White "shrey16ultimate"]
[Black "chessrex"]
[Result "0-1"]
[ICCResult "White resigns"]
[WhiteElo "1601"]
[BlackElo "1958"]
[Opening "Queen's pawn: Charlick (Englund) gambit"]
[ECO "A40"]
[NIC "QO.17"]
[Time "12:02:46"]
[PlyCount "120"]
[TimeControl "180+2"]

1. d4 e5 2. dxe5 Nc6 3. Nf3 Nge7 4. Nc3 h6 5. Bf4 g5 6. Bg3 Bg7 7. e4 Ng6
8. Bc4 Ncxe5 9. Nxe5 Nxe5 10. Bxe5 Bxe5 11. Bxf7+ Kxf7 12. Qd5+ Kf6 13. g3
c6 14. Qc5 d6 15. Qe3 Kg6 16. f4 Bxc3+ 17. Qxc3 Qf6 18. f5+ Kg7 19. Qb3 Re8
20. O-O-O b5 21. Qd3 Bb7 22. Rhe1 Rad8 23. h4 g4 24. h5 a6 25. Qe2 Qg5+ 26.
Kb1 c5 27. e5 Rxe5 28. Qd3 Qf6 29. Qd2 d5 30. Qf4 Rxe1 31. Rxe1 Rd7 32.
Qxg4+ Kf7 33. Qe2 Re7 34. Qxe7+ Qxe7 35. Rxe7+ Kxe7 36. Kc1 Kf6 37. g4 Bc8
38. Kd2 Kg5 39. Ke3 Kxg4 40. f6 Be6 41. c4 bxc4 42. Kd2 Kxh5 43. b3 cxb3
44. axb3 Kg6 45. b4 cxb4 46. Kd3 Kxf6 47. Kd4 a5 48. Kc5 b3 49. Kd4 a4 50.
Kc5 b2 51. Kd4 b1=Q 52. Kc5 Qb3 53. Kd6 d4 54. Kc5 d3 55. Kd6 Qd5+ 56. Kc7
Ke7 57. Kb6 Qc4 58. Kb7 Kd7 59. Ka8 Kc7 60. Ka7 Qc5+ { White resigns } 0-1

[Event "ICC tourney 2260 (3 2)"]
[Site "Internet Chess Club"]
[Date "2020.12.31"]
[Round "1"]
[White "ritterfork"]
[Black "KingRayfish"]
[Result "1/2-1/2"]
[ICCResult "Game drawn by mutual agreement"]
[WhiteElo "1846"]
[BlackElo "1469"]
[Opening "two knights: Max Lange attack, Steinitz variation"]
[ECO "C50"]
[NIC "IG.02"]
[Time "12:03:00"]
[PlyCount "90"]
[TimeControl "180+2"]

1. e4 e5 2. Nf3 Nc6 3. Bc4 Bc5 4. O-O Nf6 5. d4 exd4 6. e5 Ng4 7. Bf4 O-O
8. c3 d5 9. exd6 Bxd6 10. Bxd6 Qxd6 11. cxd4 Be6 12. Bxe6 fxe6 13. h3 Rxf3
14. hxg4 Rf6 15. Nc3 Rh6 16. g3 b5 17. Qe2 b4 18. Ne4 Qd5 19. Rac1 Nxd4 20.
Qe3 Rf8 21. Rc5 Qxc5 22. Nxc5 Nf3+ 23. Qxf3 Rxf3 24. Re1 Rf8 25. Rxe6 Rxe6
26. Nxe6 Rf7 27. Nd4 Rd7 28. Nc6 a6 29. Nxb4 Rd6 30. Kf1 Rd2 31. Nxa6 Rxb2
32. Nxc7 Rxa2 33. Nd5 Kf7 34. Ne3 Ke6 35. Kg2 Ke5 36. Kf3 g5 37. Nf5 Ra3+
38. Ne3 h6 39. Kg2 Ke4 40. Nf5 Ra6 41. Ne3 Kd3 42. Nf5 Rf6 43. Ne3 Ke2 44.
Nf5 Rf8 45. f3 Kd3 { Game drawn by mutual agreement } 1/2-1/2